 Dungeon Crawl Stone Soup version 0.18-a0-809-g212a022 (webtiles) character file.

62 Arkorax the Ruffian (level 4, -8/41 HPs)
             Began as a Ghoul Monk on Dec 15, 2015.
             Mangled by a gnoll
             ... wielding a +0 halberd
              (12 damage)
             ... on level 2 of the Dungeon.
             The game lasted 00:02:57 (1324 turns).

Arkorax the Ruffian (Ghoul Monk)                    Turns: 1324, Time: 00:02:58

Health: -8/41      AC:  5    Str: 15    XL:     4   Next: 8%
Magic:  3/3        EV: 11    Int:  5    God:
Gold:   63         SH:  0    Dex: 11    Spells: 0 memorised, 3 levels left

rFire  . . .     SeeInvis .       - Unarmed
rCold  + . .     Clarity  .     h - +0 ring mail
rNeg   + + +     SustAt   .     (no shield)
rPois  ∞         Gourm    .     (no helmet)
rElec  .         Spirit   .     (no cloak)
rCorr  .         Dismiss  .     (no gloves)
rMut   .         Stasis   .     (no boots)
MR     .....                    (no amulet)
Stlth  +.........               (no ring)
                                (no ring)

@: rotting, not resistant to hostile enchantments, very unstealthy
A: rotting body, claws 1, carnivore 3, cold resistance 1, negative energy
resistance 3, slow regeneration 1, torment resistance, unbreathing
a: no special abilities


You were on level 2 of the Dungeon.
You were not hungry.

You visited 1 branch of the dungeon, and saw 2 of its levels.

You collected 63 gold pieces.

Inventory:

Armour
 h - a +0 ring mail (worn)
Wands
 q - a wand of flame (34)
Scrolls
 c - a scroll of magic mapping {unknown}
 d - 4 scrolls of identify {unknown}
 e - a scroll of fear {unknown}
 g - a scroll of teleportation {unknown}
 j - a scroll of enchant armour {unknown}
 o - a scroll of random uselessness {unknown}
Potions
 f - a potion of resistance {unknown}
 k - a potion of curing {unknown}
 l - a potion of agility {unknown}
 m - a potion of might {unknown}
 n - a potion of cure mutation {unknown}
Comestibles
 a - a slice of pizza
 b - 3 meat rations
 i - a beef jerky
 p - 3 chunks of flesh


   Skills:
 + Level 4.5 Fighting
 - Level 2.6 Dodging
 - Level 2.1 Stealth
 + Level 5.2 Unarmed Combat


You had 3 spell levels left.
You didn't know any spells.

Dungeon Overview and Level Annotations

Branches:
Dungeon (2/15)

Altars:


Innate Abilities, Weirdness & Mutations

Your body is rotting away.
You thrive on raw meat.
You are immune to poison.
You have sharp fingernails.
You are carnivorous and can eat meat at any time.
Your flesh is cold resistant.
You are immune to negative energy.
You regenerate slowly when monsters are visible.
You are immune to unholy pain and torment.
You can survive without breathing.


Message History

You kill the gnoll!
You have reached level 4!
The gnoll closely misses you. The gnoll misses you.
Eat one of 5 chunks of flesh? (ye/n/q/i?) This raw flesh tastes great!
The gnoll hits you.
* * * LOW HITPOINT WARNING * * *
You continue eating.
The gnoll completely misses you. The gnoll misses you.
You continue eating.
The gnoll closely misses you. The gnoll hits you.
* * * LOW HITPOINT WARNING * * *
Eat one of 4 chunks of flesh? (ye/n/q/i?) This raw flesh tastes great!
The gnoll hits you.
* * * LOW HITPOINT WARNING * * *
You continue eating.
The gnoll closely misses you. The gnoll hits you but does no damage.
You continue eating.
The gnoll hits you from afar with a halberd!
You die...

#...#######
######## #...#
....# ...## #.##
######### #.#
#..g....# #.#
#.#####.# # #.#
#.# #.# #
#.########.#####@#
#
#......)....gg.#g#
####
...#######.###.#g#
.... ....#
#.......g# ####
...## #.####.### #
#..# #. ...# #
...# #......# #
#.## ####.### .. #
#'# #. #.#


You could see 2 gnolls and a goblin.

Vanquished Creatures
  A gnoll (D:2)
  4 worms (D:2)
  2 giant geckos (D:2)
  3 bats (D:1)
  2 giant cockroaches
  4 goblins
  5 hobgoblins
  4 jackals (D:1)
  4 giant newts
  7 kobolds
  4 rats
40 creatures vanquished.

Notes
Turn   | Place    | Note
--------------------------------------------------------------
     0 | D:1      | Arkorax the Ghoul Monk began the quest for the Orb.
     0 | D:1      | Reached XP level 1. HP: 19/19 MP: 0/0
    71 | D:1      | Reached XP level 2. HP: 13/26 MP: 1/1
   555 | D:1      | Reached XP level 3. HP: 33/33 MP: 2/2
   639 | D:2      | Reached skill level 5 in Unarmed Combat
  1306 | D:2      | HP: 1/34 [gnoll/club (4)]
  1307 | D:2      | Reached XP level 4. HP: 1/41 MP: 3/3
  1321 | D:2      | HP: 1/41 [gnoll (2)]
  1324 | D:2      | Mangled by a gnoll

Vault maps used:
D:1:      mrwooster_arrival_statue_3
D:2:      uniq_jessica

Action                   |  1- 3 |  4- 6 || total
-------------------------+-------+-------++-------
Melee: Unarmed           |   118 |       ||   118
 Stab: Sleeping          |     3 |       ||     3
  Eat: Chunk             |     7 |     2 ||     9
